Minoru, lawful male human Samurai --- ----- |.-- |...| |..--|...| ---- --...|.--- ----- |..-- |^<...| --- --...| |...| |.....| ---.--- |....| ----.|.-----@..| |.....----.---- ....|%%.| |-G.|--- ---- |..........---- --#)-#.--|.G.|-.| |..--- |......-.-....-- #|...|.-.|..----....| |..............| --.................|--.............-- #....-.--.----....|...............| ---....|...| |.|.--.---.--..--....| |..>.....--|.|-...| ----------.-- |.....|...--.--.--- --- ----.---........| -----....--..| |...------- ----- Minoru the Ronin Experience level: 4 Strength: 18 Dexterity: 14 Constitution: 18 Intelligence: 9 Wisdom: 10 Charisma: 6 Health: 0(33) Energy: 9(9) Def: 7 Gold: 472 Moves: 1828 Dungeon seed: t0a2ZBdfZG7EBIPz Game ID: Minoru_1528641630 Your Inventory: Coins $ - 472 gold pieces Amulets j - a cursed amulet of restful sleep Weapons a - a +0 katana (weapon in hand) b - a +0 wakizashi (alternate weapon; not wielded) c - a +0 yumi d - 35 +0 ya (in quiver) k - a +0 elven dagger u - a +0 arrow w - a blessed +4 arrow Armor e - an uncursed rustproof +0 splint mail (being worn) y - an uncursed +0 orcish helm (being worn) Scrolls p - an uncursed scroll of enchant armor Potions h - a cursed potion of see invisible m - an uncursed potion of speed s - a blessed potion of see invisible t - an uncursed potion of enlightenment Rings i - a cursed -2 ring of protection l - a cursed ring of see invisible Tools f - an uncursed oil lamp (0:1235) o - an uncursed magic lamp v - 10 uncursed tallow candles (0:200) A - an uncursed osaku B - 4 uncursed wax candles (0:400) D - an uncursed tin whistle Gems n - an uncursed opal q - an uncursed worthless piece of blue glass r - an uncursed worthless piece of yellowish brown glass z - 2 uncursed worthless pieces of green glass C - an uncursed amber stone N - an uncursed worthless piece of violet glass Y - an uncursed jet stone Spells and supernatural/magical abilities: Name Level Category Cost Memory W - pray for help -- divine ? -- Your skills at the end: Fighting Skills martial arts [Basic] wands [Basic] Weapon Skills short sword [Basic] long sword [Basic] bow [Basic] Spellcasting Skills Final Attributes: You were piously aligned. You were fast. Amaterasu Omikami was noncommittal. You are dead. Vanquished creatures: a gnome lord a gnomish wizard a little dog a hobbit 2 cave spiders a brown mold 10 gnomes a gecko 3 jackals 2 kobolds 2 goblins a grid bug a kobold zombie 3 newts 30 creatures vanquished. Voluntary challenges: You used a wielded weapon 35 times, starting on turn 51. You were illiterate. You never genocided any monsters. You never polymorphed an object. You never changed form. You used no wishes. You never split a pudding. You never wrote Elbereth's name. You never violated your personal moral code. Dungeon overview: The Dungeons of Doom: levels 1 to 5 Level 1 an altar to Raijin, a fountain a long staircase Level 2 an armor shop, a fountain Level 3 a scroll shop Level 4 a general store, a fountain stairs to The Gnomish Mines Level 5 The Gnomish Mines: levels 5 to 7 Level 5 stairs to The Dungeons of Doom Level 6 <- You were here Level 7 History has recorded: On T:1 you entered the Dungeons of Doom to retrieve the Amulet of Yendor! On T:49 you reached level 2 of The Dungeons of Doom. On T:445 you reached level 4 of The Dungeons of Doom. On T:482 you reached level 1 of The Gnomish Mines. On T:547 you reached level 5 of The Dungeons of Doom. On T:559 you advanced to experience level 2. On T:638 you reached level 3 of The Dungeons of Doom. On T:761 you advanced to experience level 3. On T:1252 you advanced to experience level 4. On T:1617 you reached level 2 of The Gnomish Mines. On T:1656 you reached level 3 of The Gnomish Mines. Score breakdown: Gold: 472 ( 9098 points) Experience: 4 levels ( 9649 points) Exploration: 7 levels ( 14.00%) (10497 points) Discoveries: 0 items ( 0.00%) ( 0 points) Valuables value: (no points given unless you survive) Artifact value: 0 ( 0 points) Variety of kills: 14 monsters ( 3.68%) ( 5758 points) Turncount: 1828 turns ( 0 points) Survival: died (score multiplied by 80%) Total score: 28001 Latest messages: The gnome lady hits! You are beginning to feel hungry. You miss the gnomish wizard. You hit the gnomish wizard! You miss the gnomish wizard. The gnomish wizard casts a spell! The force bolt hits you! You miss the gnomish wizard. You hit the gnomish wizard. The gnomish wizard casts a spell! The force bolt hits you! You hear the howling of the CwnAnnwn... You hear some noises nearby. The gnomish wizard casts a spell! The force bolt misses you. You hear some noises in the distance. You have a sad feeling for a moment, then it passes. Please move the cursor to an unknown object. Never mind. You miss the gnomish wizard. You hit the gnomish wizard! You miss the gnomish wizard. You kill the gnomish wizard! You hit the gnome queen! The gnome queen hits! You die... Final status: Sayonara Minoru the Samurai, killed by a gnome queen... You died in The Gnomish Mines on dungeon level 6 with 28001 points, and 472 pieces of gold, after 1828 moves. You were level 4 with a maximum of 33 hit points when you died.